 Dungeon Crawl Stone Soup version 0.29.1-4-g47bece8355 (webtiles) character file.

Game seed: 9327732483259489836

2319 venomsnake the Fighter (level 9, -8/83 HPs)
             Began as a Minotaur Berserker on Dec 10, 2022.
             Was an Elder of Trog.
             Mangled by a wyvern (9 damage)
             ... on level 7 of the Dungeon.
             The game lasted 00:22:43 (9368 turns).

venomsnake the Fighter (Minotaur Berserker)         Turns: 9368, Time: 00:22:44

Health: -8/83      AC: 14    Str: 25    XL:     9   Next: 18%
Magic:  0/8        EV:  8    Int: 10    God:    Trog [****..]
Gold:   380        SH:  6    Dex: 11    Spells: 8/8 levels left

rFire   x . .      SeeInvis .   a - +0 hand axe
rCold   + . .      Faith    .   v - +0 kite shield
rNeg    . . .      Spirit   +   n - +0 chain mail
rPois   .          Reflect  .   (helmet restricted)
rElec   .          Harm     .   o - +0 cloak
rCorr   .          Rampage  .   D - +0 pair of gloves
Will    .....                   F - +0 pair of boots
Stlth   ..........              A - amulet of guardian spirit
HPRegen 0.23/turn               j - ring of ice
MPRegen 0.11/turn               b - +6 ring of intelligence

@: no status effects
A: horns 2, retaliatory headbutt
a: Renounce Religion, Berserk, Trog's Hand, Brothers in Arms


You were on level 7 of the Dungeon.
You worshipped Trog.
Trog was greatly pleased with you.
You visited 2 branches of the dungeon, and saw 8 of its levels.

You collected 380 gold pieces.

Inventory:

Hand Weapons
 a - a +0 hand axe (weapon)
Missiles
 l - 55 stones (quivered)
Armour
 n - a +0 chain mail (worn)
 o - a +0 cloak (worn)
 v - a +0 kite shield (worn)
 D - a +0 pair of gloves (worn)
 F - a +0 pair of boots (worn)
Jewellery
 b - a +6 ring of intelligence (right hand)
 j - a ring of ice (left hand)
 A - an amulet of guardian spirit (around neck)
 G - a ring of positive energy
Wands
 m - a wand of quicksilver (2)
 t - a wand of mindburst (21)
 z - a wand of polymorph (4)
 B - a wand of roots (7)
Scrolls
 c - 2 scrolls of poison {unknown}
 f - a scroll of amnesia
 h - 3 scrolls of teleportation
 q - 2 scrolls of noise {unknown}
 r - a scroll of summoning {unknown}
 u - 2 scrolls of fear {unknown}
 x - 2 scrolls of silence {unknown}
 y - a scroll of torment {unknown}
 C - a scroll of enchant armour {unknown}
 E - a scroll of identify
 I - a scroll of blinking {unknown}
Potions
 d - 2 potions of haste {unknown}
 e - a potion of heal wounds {unknown}
 g - a potion of invisibility {unknown}
 i - 2 potions of lignification {unknown}
 k - 2 potions of ambrosia
 p - 2 potions of mutation
 s - 3 potions of attraction
 w - 2 potions of resistance {unknown}
 H - a potion of might {unknown}


   Skills:
 * Level 9.3 Fighting
 + Level 7.1 Axes
 + Level 6.4 Armour
 + Level 5.8 Dodging
 + Level 4.3 Evocations


You had 8 spell levels left.
You didn't know any spells.
Your spell library was empty.

Dungeon Overview and Level Annotations

Branches:
Dungeon (7/15)             Temple (1/1) D:5

Altars:
Ashenzari
Cheibriados
Elyvilon
Fedhas
Hepliaklqana
Kikubaaqudgha
Makhleb
Nemelex Xobeh
Okawaru
Qazlal
Ru
Sif Muna
Trog
Uskayaw
Vehumet
Xom
Yredelemnul
Zin


Innate Abilities, Weirdness & Mutations

You have a pair of horns on your head.
You reflexively headbutt those who attack you in melee.


Message History

You block the troll's attack. The troll claws you.
You block the troll's attack.
You hit the troll.
The troll is heavily wounded.
The troll bites you! The troll claws you but does no damage.
You block the troll's attack. The troll bites you. The troll claws you.
The troll claws you but does no damage.
You hit the troll but do no damage.
The troll is heavily wounded.
The troll bites you. The troll claws you!
The troll claws you but does no damage.
You barely miss the troll.
The troll is moderately wounded.
The troll bites you but does no damage. You block the troll's attack.
The troll closely misses you.
You hit the troll but do no damage.
The troll is moderately wounded.
The troll bites you!
* * * LOW HITPOINT WARNING * * *
You block the troll's attack. The troll barely misses you.
As you read the scroll of teleportation, it crumbles to dust.
You feel strangely unstable. The troll bites you!
* * * LOW HITPOINT WARNING * * *
The troll claws you but does no damage. You block the troll's attack.
The troll attacks as you move away! The troll closely misses you. x3
The troll attacks as you move away! You block the troll's attack. x2
The troll claws you but does no damage.
Your surroundings suddenly seem different.
A wyvern comes into view.
Found a stone staircase leading up.
The wyvern hisses angrily.
The wyvern bites you but does no damage.
The wyvern bites you!
* * * LOW HITPOINT WARNING * * *
You hit the wyvern.
The wyvern is lightly wounded.
The wyvern bites you!
* * * LOW HITPOINT WARNING * * *
The wyvern bites you!
You die...

#######
#....<#
#..l..#
#.@...#
#.....#
#.....#
#.#.#.#
#. .#.#
#. .. .
.. .. .
#. ...
.#


You could see a wyvern.

Vanquished Creatures
  Sigmund (D:5)
  Menkaure (D:5)
  2 steam dragons (D:6)
  Edmund (D:4)
  Duvessa (D:5)
  A water moccasin (D:7)
  An orc warrior (D:7)
  An ice beast (D:4)
  A sky beast (D:7)
  A centaur (D:5)
  2 phantoms (D:6)
  3 kobold brigands
  A bullfrog (D:6)
  A scorpion (D:6)
  Dowan (D:5)
  3 hounds
  An orc priest (D:6)
  Jessica (D:2)
  An iguana (D:5)
  4 orc wizards
  3 gnolls (D:2)
  6 adders
  9 river rats (D:5)
  A shadow imp (D:5)
  3 white imps
  2 worms
  A dart slug (D:2)
  9 orcs
  6 ball pythons
  2 bats
  10 endoplasms
  6 giant cockroaches
  2 goblins (D:4)
  8 hobgoblins
  10 jackals
  11 quokkas
  3 frilled lizards
  18 kobolds
  23 rats
162 creatures vanquished.

Vanquished Creatures (others)
  An endoplasm (D:2)
  A kobold (D:2)
  A plant (D:7)
3 creatures vanquished.

Grand Total: 165 creatures vanquished

Notes
Turn   | Place    | Note
-------+----------+-------------------------------------------
     0 | D:1      | venomsnake the Minotaur Berserker began the quest for the
                  | Orb.
     0 | D:1      | Reached XP level 1. HP: 19/19 MP: 0/0
   279 | D:1      | Reached XP level 2. HP: 26/27 MP: 1/1
   389 | D:1      | Found a faded altar of an unknown god.
   400 | D:1      | Reached skill level 4 in Fighting
   625 | D:1      | Reached ** piety under Trog
   777 | D:1      | Reached XP level 3. HP: 4/33 MP: 2/2
  1300 | D:2      | Noticed Jessica
  1302 | D:2      | Killed Jessica
  1303 | D:2      | Reached skill level 1 in Evocations
  1303 | D:2      | Reached XP level 4. HP: 28/41 MP: 3/3
  2379 | D:3      | Reached *** piety under Trog
  2380 | D:3      | Reached skill level 5 in Fighting
  2380 | D:3      | Reached XP level 5. HP: 48/48 MP: 4/4
  2950 | D:3      | Found a snail-covered altar of Cheibriados.
  3521 | D:4      | Noticed Edmund
  3539 | D:4      | Killed Edmund
  3540 | D:4      | Reached XP level 6. HP: 21/57 MP: 5/5
  4003 | D:4      | Noticed an ice beast
  4039 | D:4      | Killed an ice beast
  4040 | D:4      | Reached skill level 6 in Fighting
  4040 | D:4      | Reached skill level 5 in Axes
  4244 | D:5      | Entered Level 5 of the Dungeon
  4428 | D:5      | Reached **** piety under Trog
  4429 | D:5      | Reached XP level 7. HP: 55/64 MP: 6/6
  4715 | D:5      | Noticed Menkaure
  5162 | D:5      | Killed Menkaure
  5430 | D:5      | Reached skill level 7 in Fighting
  5439 | D:5      | Found a staircase to the Ecumenical Temple.
  5673 | Temple   | Entered the Ecumenical Temple
  6034 | D:5      | Noticed Sigmund
  6048 | D:5      | Killed Sigmund
  6049 | D:5      | Reached skill level 5 in Armour
  6257 | D:5      | Noticed Duvessa
  6257 | D:5      | Noticed Dowan
  6275 | D:5      | Killed Duvessa
  6276 | D:5      | Reached XP level 8. HP: 37/73 MP: 7/7
  6282 | D:5      | Killed Dowan
  7277 | D:6      | Reached skill level 8 in Fighting
  7360 | D:6      | Reached skill level 5 in Dodging
  8395 | D:7      | Reached skill level 9 in Fighting
  8399 | D:7      | Reached XP level 9. HP: 36/83 MP: 5/8
  8881 | D:7      | Noticed a troll
  8936 | D:7      | HP: 3/83 [troll (10)]
  9368 | D:7      | HP: 1/83 [wyvern (9)]
  9368 | D:7      | Mangled by a wyvern

Illustrated notes

Levels and vault maps discovered:
D:1:      amcnicky_arrival_abandoned_market, layout_rooms,
          basic_ecumenical_altar
D:2:      wander_river, layout_basic, st_stairs_10, kennysheep_doodads,
          lemuel_flame_loot_1, uniq_jessica
D:3:      layout_basic, chei_slow_surprise, minmay_misc_feat_columns,
          minmay_box_of_dots
D:4:      layout_basic, minmay_fractal_squares_diagonal_5, uniq_edmund
D:5:      lemuel_ratsnest, layout_basic, minmay_temple_entry_slanted,
          uniq_duvessa, uniq_menkaure, uniq_sigmund
D:6:      layout_loops_ring
D:7:      layout_loops_cross, gammafunk_temple_overflow_forgotten, uniq_pikel
Temple:   nicolae_temple_bog_church

Skill      XL: |  1  2  3  4  5  6  7  8  9 |
---------------+----------------------------+-----
Fighting       | 4 5 6 7 9 |  9.3
Axes           | 4 5 6 7 |  7.1
Armour         | 3 4 5 6 |  6.4
Evocations     | 1 2 3 4 |  4.3
Dodging        | 3 4 5 |  5.8

Action                   |  1- 3 |  4- 6 |  7- 9 || total
-------------------------+-------+-------+-------++-------
Melee: Hand axe          |    59 |   167 |   335 ||   561
       Headbutt          |     7 |    28 |    44 ||    79
       Punch             |       |     1 |       ||     1
Throw: Stone             |       |     3 |     6 ||     9
  Use: Scroll            |       |     3 |     5 ||     8
Armor: Animal skin       |     9 |       |       ||     9
       Leather armour    |     6 |       |       ||     6
       Chain mail        |       |    71 |   170 ||   241
Dodge: Dodged            |    43 |    47 |   113 ||   203
Block: Kite shield       |       |    25 |   110 ||   135
